 Dungeon Crawl Stone Soup version 0.29-a0-925-g0a7a3d12f8 (webtiles) character file.

Game seed: 13360049640138757346

15444 gruber the Devastator (level 12, -2/100 HPs)
             Began as a Pale Draconian Conjurer on July 28, 2022.
             Was a Priest of Vehumet.
             Slain by a lindwurm (6 damage)
             ... on level 2 of the Lair of Beasts.
             The game lasted 00:20:19 (16104 turns).

gruber the Devastator (Pale Draconian Conjurer)    Turns: 16104, Time: 00:20:19

Health: -2/100     AC: 10    Str: 12    XL:     12   Next: 1%
Magic:  17/24      EV: 13    Int: 22    God:    Vehumet [***...]
Gold:   698        SH:  0    Dex:  9    Spells: 17/27 levels left

rFire   . . .      SeeInvis .   N - +7 halberd "Tahiraq" {spect, Stlth+}
rCold   . . .      Faith    .   (shield currently unavailable)
rNeg    . . .      Spirit   .   (body armour unavailable)
rPois   .          Reflect  .   (helmet restricted)
rElec   .          Harm     .   o - scarf {repulsion}
rCorr   .          Rampage  .   h - +0 pair of gloves
Will    +....                   b - +0 pair of boots
Stlth   +++.......              F - amulet of regeneration
HPRegen 1.06/turn               P - ring of willpower
MPRegen 0.19/turn               (no ring)

@: lethally poisoned (-2 -> -13), repel missiles
A: breathe steam, AC +8, unfitting armour, cold-blooded, steam resistance
a: Breathe Steam, Renounce Religion


You were on level 2 of the Lair of Beasts.
You worshipped Vehumet.
Vehumet was most pleased with you.
You visited 3 branches of the dungeon, and saw 14 of its levels.
You also visited: Ossuary and Bailey.

You collected 698 gold pieces.

Inventory:

Hand Weapons
 D - a +1 vampiric long sword
 H - a +5 long sword
 J - the +4 flail of the Hurtling Gods {flame, rF- Str+8}
   (You took it off Dowan on level 7 of the Dungeon)

   It burns those it strikes, dealing additional fire damage.
   Str:       It affects your strength (+8).
   rF:        It makes you vulnerable to fire.
 N - the +7 halberd "Tahiraq" (weapon) {spect, Stlth+}
   (You found it on level 9 of the Dungeon)

   When its wielder attacks, the weapon's spirit leaps out and strikes again.
   The spirit shares a part of any damage it takes with its wielder.
   Stlth:     It makes you more stealthy.
Armour
 b - a +0 pair of boots (worn)
 h - a +0 pair of gloves (worn)
 o - a scarf of repulsion (worn)
Jewellery
 F - an amulet of regeneration (around neck)
 P - a ring of willpower (left hand)
 R - a ring of positive energy
Wands
 p - a wand of roots (10)
 q - a wand of polymorph (7)
 C - a wand of charming (7)
 L - a wand of light (11)
Scrolls
 c - 4 scrolls of magic mapping {unknown}
 e - 2 scrolls of noise {unknown}
 g - 12 scrolls of teleportation {unknown}
 i - 4 scrolls of vulnerability {unknown}
 j - 16 scrolls of identify {unknown}
 k - 5 scrolls of fear {unknown}
 m - 6 scrolls of fog {unknown}
 n - 3 scrolls of summoning {unknown}
 r - 4 scrolls of amnesia {unknown}
 y - 2 scrolls of enchant armour {unknown}
 E - a scroll of blinking {unknown}
 G - 3 scrolls of brand weapon {unknown}
 I - 2 scrolls of acquirement
 K - 2 scrolls of torment {unknown}
 M - a scroll of immolation {unknown}
 Q - a scroll of enchant weapon {unknown}
Potions
 a - a potion of magic
 d - 3 potions of berserk rage
 f - 2 potions of attraction {unknown}
 l - 6 potions of flight {unknown}
 s - 2 potions of ambrosia {unknown}
 t - 4 potions of haste {unknown}
 u - a potion of might {unknown}
 v - 5 potions of mutation {unknown}
 w - a potion of invisibility {unknown}
 x - 6 potions of curing {unknown}
 z - 7 potions of heal wounds {unknown}
 A - 2 potions of brilliance {unknown}
 B - a potion of resistance
Miscellaneous
 O - a box of beasts


   Skills:
 - Level 7.0 Fighting
 - Level 7.0 Dodging
 - Level 1.7 Stealth
 - Level 8.0 Spellcasting
 - Level 15.0 Conjurations
 * Level 2.3 Air Magic


You had 17 spell levels left.
You knew the following spells:

 Your Spells              Type           Power      Damage    Failure   Level
a - Magic Dart            Conj           100%       1d8       0%          1
b - Searing Ray           Conj           100%       2d8       0%          2
c - Fulminant Prism       Conj/Hex       20%        3d13      1%          4
d - Mephitic Cloud        Conj/Pois/Air  34%        N/A       1%          3

Your spell library contained the following spells:

 Spells                   Type           Power      Damage    Failure   Level
 Flame Wave               Conj/Fire      41%        2d11      1%          4
 Dazzling Flash           Conj/Hex       82%        N/A       1%          3
 Iskenderun's Mystic Bla  Conj/Tloc      41%        2d9       1%          4
 Slow                     Hex            32%        N/A       8%          1
 Call Imp                 Summ           8%         N/A       11%         2
 Ensorcelled Hibernation  Hex/Ice        16%        N/A       11%         2
 Confusing Touch          Hex            8%         N/A       22%         3
 Spider Form              Tmut/Pois      8%         N/A       22%         3
 Vampiric Draining        Necr           8%         2d6       22%         3
 Corpse Rot               Necr/Pois/Air  12%        N/A       47%         4
 Anguish                  Hex/Necr       4%         N/A       58%         4
 Animate Dead             Necr           8%         N/A       58%         4
 Borgnjor's Vile Clutch   Necr/Erth      4%         N/A       90%         5
 Eringya's Noxious Bog    Tmut/Pois      4%         N/A       93%         6
 Death Channel            Necr           4%         N/A       100%        6
 Haunt                    Necr/Summ      4%         N/A       100%        7
 Malign Gateway           Summ/Tloc      4%         N/A       100%        7
 Infestation              Necr           4%         N/A       100%        8


Dungeon Overview and Level Annotations

Branches:
Dungeon (11/15)            Temple (1/1) D:7            Lair (1/5) D:8
    Orc (0/2) D:11        Ossuary (visited)          Bailey (visited)

Altars:
Ashenzari
Cheibriados
Dithmenos
Elyvilon
Fedhas
Gozag
Hepliaklqana
Kikubaaqudgha
Nemelex Xobeh
Okawaru
Qazlal
Ru
Sif Muna
Trog
Uskayaw
Vehumet
Wu Jian
Xom
Yredelemnul
Zin
The Shining One

Shops:
D:5 (

Portals:
Abyss: D:6

Annotations:
D:6 2 transporters, Shym's ghost, novice GrEE
Temple 2 transporters
Lair:1 1 transporter


Innate Abilities, Weirdness & Mutations

You can breathe blasts of scalding, opaque steam.
Your pale cyan-grey scales are hard. (AC +8)
You cannot fit into any form of body armour.
You are cold-blooded and may be slowed by cold attacks.
You are immune to the effects of steam.


Message History

The searing ray hits the lindwurm but does no damage.
The lindwurm is severely wounded.
You feel very sick.
The black mamba is engulfed in a cloud of scalding steam.
The black mamba barely misses you.
The black mamba is engulfed in a cloud of scalding steam.
The black mamba bites you.
You are more poisoned.
The black mamba poisons you!
The lindwurm is engulfed in a cloud of scalding steam.
The lindwurm bites you but does no damage.
The lindwurm claws you but does no damage.
The lindwurm claws you.
The searing ray hits the lindwurm.
The lindwurm is almost dead.
You feel extremely sick.
The black mamba is engulfed in a cloud of scalding steam.
The black mamba bites you!
* * * LOW HITPOINT WARNING * * *
The black mamba is engulfed in a cloud of scalding steam.
The black mamba barely misses you. The lindwurm barely misses you.
The lindwurm claws you but does no damage. x2
Unknown command.
Unknown command.
Aiming: Fastroot
Press: ? - help, Shift-Dir - straight line, f/p - lindwurm
Aim: a lindwurm (almost dead)
The roots erupt in riotous growth!
Roots grab the lindwurm.
Roots grab the black mamba.
You have got your breath back.
The grasping roots constrict the lindwurm.
The grasping roots constrict the black mamba.
You feel very sick.
You hear an angry growl.
You hear an angry hiss.
You hear a roar!
The black mamba bites you!
* * * LOW HITPOINT WARNING * * *
The lindwurm bites you.
* * * LOW HITPOINT WARNING * * *
The lindwurm claws you.
You die...

## .. ##.##
## ...
#...##P#....
#.........
.....#.#
#....#
#@...#
#Sk.##
#......#
#§.....#
#.§....#
..###### #.#
.. ...


You could see a lindwurm (rooted) and a black mamba (rooted).

Vanquished Creatures
  Josephine (D:11)
  A hydra (D:11)
  A centaur warrior (D:8)
  A two-headed ogre (D:11)
  2 cyclopes (D:11)
  A rime drake (Lair:1)
  A komodo dragon (Lair:1)
  2 trolls
  Sigmund (D:2)
  A shadow (D:11)
  11 yaks
  6 wraiths (D:11)
  3 steam dragons
  A basilisk (D:8)
  7 water moccasins
  Duvessa (D:7)
  A black bear (D:7)
  15 orc warriors
  An ice beast (D:8)
  A sky beast (D:7)
  14 centaurs
  4 phantoms
  A kobold brigand (D:9)
  Blork the orc (D:6)
  3 bullfrogs
  A necrophage (D:7)
  11 scorpions
  19 wights
  Dowan (D:7)
  9 killer bees
  2 troll zombies (D:11)
  5 howler monkeys
  8 electric eels
  3 centaur zombies (Ossuary)
  5 hounds
  3 orc priests
  Jessica (D:3)
  5 iguanas
  Terence (D:3)
  2 scorpion zombies (Ossuary)
  3 orc wizards
  4 ogre zombies (D:11)
  3 mummies (Ossuary)
  Robin (D:3)
  5 gnolls
  7 adders
  2 shadow imps
  A white imp (D:6)
  2 ufetubi
  3 worms
  3 dart slugs
  36 orcs
  9 endoplasms
  5 giant cockroaches
  17 goblins
  10 hobgoblins
  6 jackals
  2 quokkas
  9 ball pythons
  5 bats
  4 frilled lizards
  4 gnoll zombies (Ossuary)
  A goblin skeleton (D:11)
  4 goblin zombies
  3 hobgoblin zombies
  10 kobolds
  A kobold zombie (Ossuary)
  3 orc skeletons (D:11)
  13 orc zombies
  9 rats
343 creatures vanquished.

Vanquished Creatures (others)
  30 fulminant prisms
  37 plants
67 creatures vanquished.

Grand Total: 410 creatures vanquished

Notes
Turn   | Place    | Note
-------+----------+-------------------------------------------
     0 | D:1      | gruber the Draconian Conjurer began the quest for the Orb.
     0 | D:1      | Reached XP level 1. HP: 14/14 MP: 3/3
   316 | D:1      | Reached XP level 2. HP: 20/20 MP: 1/5
   898 | D:1      | Reached XP level 3. HP: 26/26 MP: 3/6
  1001 | D:1      | Reached skill level 5 in Conjurations
  1124 | D:1      | Learned a level 2 spell: Searing Ray
  1243 | D:1      | Found a faded altar of an unknown god.
  1955 | D:2      | Noticed Sigmund
  2312 | D:2      | Killed Sigmund
  2313 | D:2      | Reached skill level 6 in Conjurations
  2313 | D:2      | Reached XP level 4. HP: 33/33 MP: 2/8
  2313 | D:2      | Reached XP level 5. HP: 38/38 MP: 2/9
  2970 | D:3      | Noticed Robin
  2978 | D:3      | Killed Robin
  3174 | D:3      | Noticed Terence
  3185 | D:3      | Noticed Jessica
  3416 | D:4      | Reached XP level 6. HP: 45/45 MP: 5/11
  3566 | D:4      | Found a sand-covered staircase.
  3583 | Ossuary  | Entered an ossuary
  3678 | Ossuary  | Reached skill level 7 in Conjurations
  3963 | Ossuary  | Your scales start taking on a pale cyan-grey colour.
  3963 | Ossuary  | Reached XP level 7. HP: 47/50 MP: 7/13
  3963 | Ossuary  | Gained mutation: You are immune to the effects of steam.
                  | [Pale Draconian growth]
  4165 | Ossuary  | Reached skill level 5 in Spellcasting
  4171 | Ossuary  | Reached skill level 8 in Conjurations
  4395 | Ossuary  | Reached XP level 8. HP: 50/57 MP: 10/16
  4807 | D:3      | Killed Terence
  4889 | D:3      | Killed Jessica
  5421 | D:3      | Learned a level 4 spell: Fulminant Prism
  6055 | D:5      | Entered Level 5 of the Dungeon
  6055 | D:5      | Found Ofeshreno's Weapon Emporium.
  6131 | D:5      | Reached skill level 9 in Conjurations
  7244 | D:6      | Reached skill level 10 in Conjurations
  7410 | D:6      | Found a hazy altar of Hepliaklqana.
  7422 | D:6      | Noticed Blork the orc
  7427 | D:6      | Killed Blork the orc
  7488 | D:6      | Reached XP level 9. HP: 62/62 MP: 7/18
  7642 | D:6      | Found a transporter.
  7650 | D:6      | Found a one-way gate to the infinite horrors of the Abyss.
  7650 | D:6      | Noticed Shym's ghost (novice GrEE)
  7667 | D:6      | Reached skill level 11 in Conjurations
  7673 | D:6      | Found a transporter.
  8470 | D:6      | Noticed a toenail golem
  8808 | D:7      | Reached skill level 12 in Conjurations
  8849 | D:7      | Reached skill level 1 in Fighting
  9188 | D:7      | Noticed Duvessa
  9195 | D:7      | Reached skill level 5 in Fighting
  9198 | D:7      | Identified the +4 flail of the Hurtling Gods {flame, rF-
                  | Str+8}
  9198 | D:7      | Noticed Dowan
  9200 | D:7      | Killed Duvessa
  9206 | D:7      | Killed Dowan
  9379 | D:7      | Reached XP level 10. HP: 79/86 MP: 10/19
  9460 | D:7      | Found a staircase to the Ecumenical Temple.
  9516 | D:7      | Found an ornate altar of the Wu Jian Council.
  9791 | Temple   | Entered the Ecumenical Temple
  9791 | Temple   | Found a transporter.
  9791 | Temple   | Found a transporter.
  9801 | Temple   | Found a transporter.
  9801 | Temple   | Found a transporter.
  9824 | Temple   | Became a worshipper of Vehumet
 10068 | D:8      | Noticed a centaur warrior
 10075 | D:8      | Killed a centaur warrior
 10208 | D:8      | Reached skill level 5 in Dodging
 10609 | D:8      | Found a staircase to the Lair.
 11168 | D:9      | Found a white marble altar of Elyvilon.
 11190 | D:9      | Found a flagged portal.
 11198 | D:9      | Identified the +7 halberd "Tahiraq" {spect, Stlth+}
 11202 | Bailey   | Entered a bailey
 11650 | Bailey   | Reached * piety under Vehumet
 11650 | Bailey   | Offered knowledge of Freeze by Vehumet.
 12554 | Bailey   | Got the Catalogue of Assembled Pollution
 12740 | D:9      | Reached skill level 13 in Conjurations
 12740 | D:9      | Reached XP level 11. HP: 81/92 MP: 17/20
 12809 | D:9      | Found a bloodstained altar of Trog.
 12904 | D:9      | Reached ** piety under Vehumet
 12984 | D:9      | Offered knowledge of Foxfire by Vehumet.
 13342 | D:10     | Entered Level 10 of the Dungeon
 13848 | D:10     | Found a shimmering blue altar of Sif Muna.
 13924 | D:10     | Reached skill level 14 in Conjurations
 14532 | D:11     | Noticed Josephine
 14649 | D:11     | Noticed a two-headed ogre
 14657 | D:11     | Killed a two-headed ogre
 14788 | D:11     | Noticed a five-headed hydra
 14801 | D:11     | Killed a five-headed hydra
 14852 | D:11     | Reached skill level 15 in Conjurations
 15161 | D:11     | Offered knowledge of Mephitic Cloud by Vehumet.
 15183 | D:11     | Found a staircase to the Orcish Mines.
 15197 | D:11     | Reached *** piety under Vehumet
 15436 | D:11     | Killed Josephine
 15705 | Lair:1   | Entered Level 1 of the Lair of Beasts
 15710 | Lair:1   | Learned a level 3 spell: Mephitic Cloud
 15921 | Lair:1   | Found a transporter.
 15941 | Lair:1   | Reached skill level 1 in Air Magic
 16001 | Lair:1   | Offered knowledge of Flame Wave by Vehumet.
 16013 | Lair:1   | Reached XP level 12. HP: 30/100 MP: 21/24
 16093 | Lair:1   | You fall into a shaft and drop 1 floor!
 16104 | Lair:2   | HP: 4/100 [lindwurm (3)]
 16104 | Lair:2   | Slain by a lindwurm

Illustrated notes

Levels and vault maps discovered:
D:1:      dpeg_arrival_more_subterranean_lakeside_camping, layout_basic,
          serial_corexii_hall, corexii_hall_statues_deadend,
          chequers_hall_statues_y, chequers_hall_statues_y,
          chequers_ecumenical_altar_simple, st_stairs_9, hangedman_glass_teeth
D:2:      layout_loops_ring, uniq_sigmund
D:3:      layout_loops_ring, roderic_serpentine_path, grunt_ministairs_12,
          supply_closet_lemuel, uniq_jessica, uniq_robin, uniq_terence
D:4:      layout_basic, enter_ossuary_1
D:5:      layout_cave_pods, serial_shops, nicolae_shop_window_shopping
D:6:      layout_basic, mainiacjoe_overflow_24_doors,
          gammafunk_ghost_abyssal_escape, serial_bayou, serial_bayou_lagoon_b,
          serial_bayou_pond_c, serial_bayou_pond_d, serial_bayou_lake_a,
          uniq_blork_the_orc
D:7:      layout_rooms, nicolae_wu_jian_wuxing_cycle, minmay_temple_entry_ruins,
          hangedman_decor_clover_reticule, uniq_duvessa
D:8:      layout_loops_corners, lair_entry_dummy, serial_bayou_ford_a,
          disabler_island
D:9:      layout_long_grid, bloody_trog, elyvilon_altar_5, enter_bailey_2
D:10:     layout_stronghold, kennysheep_mini_moat
D:11:     layout_irregular_city, zombieorc1_lemuel, uniq_josephine
Temple:   hellmonk_temple_divided_pantheon
Lair:1:   gammafunk_cloud_chamber, layout_cellular_growth, serial_bayou_shore_a
Lair:2:   gammafunk_lair_enchanted_lake, layout_misc_corridors

Skill      XL: |  1  2  3  4  5  6  7  8  9 10 11 |
---------------+----------------------------------+-----
Conjurations   | 6 7 8 10 12 13 15 | 15.0
Spellcasting   | 3 4 5 6 8 |  8.0
Fighting       | 7 |  7.0
Dodging        | 7 |  7.0
Air Magic      | 2 |  2.3
Stealth        | |  1.7

Action                   |  1- 3 |  4- 6 |  7- 9 | 10-12 || total
-------------------------+-------+-------+-------+-------++-------
Melee: Unarmed           |    32 |     4 |       |       ||    36
       Tailslap          |     4 |    11 |    13 |     8 ||    36
       Punch             |     2 |     1 |       |       ||     3
       Rapier            |       |    34 |       |       ||    34
       Dagger            |       |    40 |    28 |       ||    68
       Long sword        |       |       |    31 |     9 ||    40
       Halberd           |       |       |       |    91 ||    91
 Cast: Magic Dart        |    74 |    47 |   145 |    84 ||   350
       Searing Ray       |     4 |     7 |    48 |    53 ||   112
       Fulminant Prism   |       |       |       |    30 ||    30
 Abil: Breathe Steam     |       |       |    12 |    23 ||    35
Evoke: Wand              |       |       |       |     3 ||     3
 Stab: Sleeping          |       |     3 |     1 |     4 ||     8
       Distracted        |       |       |       |     1 ||     1
Armor: Skin              |    18 |    30 |    56 |    62 ||   166
Dodge: Dodged            |    32 |    67 |   105 |   127 ||   331
       Repelled          |     1 |       |     1 |     1 ||     3

Table legend: (Time is in decaauts)
 A = Elapsed time spent in this place.
 B = Non-inter-level travel time spent in this place.
 C = Inter-level travel time spent in this place.
 D = Time resting spent in this place.
 E = Time spent auto-exploring this place.
 F = Levels seen in this place.
 G = Mean time per level.
                   A        B        C        D        E       F      G
               +--------+--------+--------+--------+--------+-----+--------+
         Total |  16236 |  15813 |    423 |     28 |  13365 |  16 | 1014.8 |
       Dungeon |  13172 |  12758 |    414 |     28 |  11070 |  11 | 1197.5 |
        Temple |     51 |     43 |      8 |      0 |     11 |   1 |   51.0 |
          Lair |    401 |    401 |      0 |      0 |    331 |   2 |  200.5 |
       Ossuary |   1042 |   1042 |      0 |      0 |    823 |   1 | 1042.0 |
        Bailey |   1569 |   1569 |      0 |      0 |   1130 |   1 | 1569.0 |
               +--------+--------+--------+--------+--------+-----+--------+

Top non-repeatable levels by time:
     D:6: 1687 daAuts
     D:1: 1572 daAuts
  Bailey: 1569 daAuts
     D:3: 1282 daAuts
    D:11: 1229 daAuts
     D:7: 1186 daAuts
     D:8: 1170 daAuts
    D:10: 1148 daAuts
     D:2: 1104 daAuts
     D:5: 1069 daAuts
 Ossuary: 1042 daAuts
     D:4: 1030 daAuts
     D:9: 691 daAuts
  Lair:1: 390 daAuts
  Temple: 51 daAuts
